 Dungeon Crawl Stone Soup version 0.24.0-123-gd5b16e6ec5 (webtiles) character file.

Game seed: 1097910903358304419, levelgen mode: deterministic

121 mopl the Sneak (level 4, -1/27 HPs)
             Began as a Vampire Assassin on Feb 1, 2020.
             Was an Initiate of Kikubaaqudgha.
             Slain by an adder (2 damage)
             ... on level 4 of the Dungeon.
             The game lasted 00:03:05 (2841 turns).

mopl the Sneak (Vampire Assassin)                   Turns: 2841, Time: 00:03:06

Health: -1/27      AC:  3    Str: 10    XL:     4   Next: 76%
Magic:  4/4        EV: 12    Int: 13    God:    Kikubaaqudgha [......]
Gold:   122        SH:  0    Dex: 16    Spells: 2/4 levels left

rFire    . . .     SeeInvis +   a - +2 dagger (pain)
rCold    + + .     Gourm    .   (no shield)
rNeg     + + +     Faith    .   b - +0 robe
rPois    ∞         Spirit   .   (no helmet)
rElec    .         Reflect  .   c - +0 cloak
rCorr    .         Harm     .   (no gloves)
MR       .....                  (no boots)
Stlth    +++++.....             (no amulet)
HPRegen  0.00/turn              (no ring)
MPRegen  0.09/turn              (no ring)

@: bloodless, slowed, very slow
A: no food, fangs 3, see invisible, unbreathing
a: Bat Form, Revivify, Renounce Religion


You were on level 4 of the Dungeon.
You worshipped Kikubaaqudgha.
Kikubaaqudgha was noncommittal.
You were bloodless.

You visited 1 branch of the dungeon, and saw 4 of its levels.

You collected 122 gold pieces.

Inventory:

Hand Weapons
 a - a +2 dagger of pain (weapon)
Missiles
 d - 23 poisoned darts
 e - a curare-tipped dart (quivered)
 k - 8 boomerangs
Armour
 b - a +0 robe (worn)
 c - a +0 cloak (worn)
 i - a scarf of cloud immunity
Scrolls
 f - 2 scrolls of enchant weapon {unknown}
 h - a scroll of identify {unknown}
 j - 2 scrolls of remove curse {unknown}
 n - a scroll of blinking {unknown}
Potions
 g - 2 potions of haste {unknown}
 l - a potion of might {unknown}
 m - a potion of flight {unknown}
 o - a potion of curing {unknown}
 p - a potion of cancellation {unknown}


   Skills:
 - Level 2.4 Fighting
 + Level 3.1 Short Blades
 + Level 2.3 Throwing
 - Level 1.1 Dodging
 + Level 6.7 Stealth
 + Level 0.5 Spellcasting
 + Level 1.1 Hexes
 + Level 0.4 Necromancy
 + Level 0.4 Ice Magic


You had 2 spell levels left.
You knew the following spells:

 Your Spells              Type           Power        Failure   Level  Hunger
b - Ensorcelled Hibernat  Hex/Ice        #.....       32%         2    N/A

Your spell library contained the following spells:

 Spells                   Type           Power        Failure   Level  Hunger
 Corona                   Hex            #......      19%         1    N/A
 Confuse                  Hex            #.......     50%         3    N/A
 Tukima's Dance           Hex            #.......     50%         3    N/A
 Dazzling Spray           Conj/Hex       #.....       56%         3    N/A

Dungeon Overview and Level Annotations

Branches:
Dungeon (4/15)
 Temple: D:4-7

Altars:
Elyvilon
Kikubaaqudgha
Nemelex Xobeh
Uskayaw


Innate Abilities, Weirdness & Mutations

You do not eat.
You do not regenerate when monsters are visible.
You are frail without blood (-20% HP).
You can heal yourself when you bite living creatures.
You are immune to poison.
You have razor-sharp teeth.
You have supernaturally acute eyesight. (SInv)
You can survive without breathing.


Message History

There is a stone staircase leading up here.
Unknown command.
The adder closely misses you. The orc hits you with a +0 flail.
The adder closely misses you. The orc hits you with a +0 club.
The adder bites you but does no damage. The orc hits you with a +0 flail.
* * * LOW HITPOINT WARNING * * *
The adder bites you.
* * * LOW HITPOINT WARNING * * *
The adder bites you.
* * * LOW HITPOINT WARNING * * *
Things that are here:
a +0 ring mail; a +0 hand axe; an orc corpse Throwing (i - inventory. (/) - cycle)
e - 2 curare-tipped darts (quivered)
Press: ? - help, Shift-Dir - straight line, f - adder
Aim: an adder You throw a curare-tipped dart.
The curare-tipped dart misses the adder.
The adder barely misses you. The adder bites you.
You die...
Kikubaaqudgha rasps: "You have failed me!
Welcome... oblivion!"

. ....... .. #....# ###
#..#....# ..# ##......##
#.# .........#### #.#
............###.########
........#...†..........(
.....(....#####.........
...>.........@#.........
##########....So........
######.....>...
#......... #[<.......
#...(..... ##########


You could see an adder and an orc.

Vanquished Creatures
  5 adders
  3 worms
  3 dart slugs
  A leopard gecko (D:1)
  4 orcs
  3 ball pythons (D:2)
  3 goblins
  5 hobgoblins
  12 jackals
  4 kobolds
  5 bats
  2 frilled lizards (D:2)
  5 rats
55 creatures vanquished.

Notes
Turn   | Place    | Note
-------+----------+-------------------------------------------
     0 | D:1      | mopl the Vampire Assassin began the quest for the Orb.
     0 | D:1      | Reached XP level 1. HP: 16/16 MP: 1/1
    88 | D:1      | Reached skill level 6 in Stealth
   181 | D:1      | Reached XP level 2. HP: 22/22 MP: 2/2
   766 | D:2      | Reached XP level 3. HP: 27/27 MP: 3/3
  1600 | D:2      | Found a white marble altar of Elyvilon.
  1654 | D:2      | Learned a level 2 spell: Ensorcelled Hibernation
  1786 | D:2      | Reached XP level 4. HP: 11/27 MP: 4/4
  1993 | D:2      | Found an ancient bone altar of Kikubaaqudgha.
  2007 | D:2      | Became a worshipper of Kikubaaqudgha
  2110 | D:2      | Found a sparkling altar of Nemelex Xobeh.
  2113 | D:2      | Found a hide-covered altar of Uskayaw.
  2344 | D:3      | Reached skill level 1 in Hexes
  2840 | D:4      | HP: 1/27 [adder (2)]
  2841 | D:4      | Slain by an adder

Levels and vault maps discovered:
D:1:      mrwooster_arrival_arrow, layout_basic
D:2:      wad_crossroads, layout_loops_ring, kiku_gazebo_garden_becter,
          elyvilon_altar_3, minitemple
D:3:      layout_basic, first_ration, minmay_cut_off
D:4:      layout_rooms

Skill      XL: |  1  2  3  4 |
---------------+-------------+-----
Stealth        | 6 |  6.7
Fighting       | 2 |  2.4
Throwing       | 2 |  2.3
Short Blades   | 3 |  3.1
Hexes          | 1 |  1.1
Dodging        | |  1.1
Spellcasting   | |  0.5
Necromancy     | |  0.4
Ice Magic      | |  0.4

Action                   |  1- 3 |  4- 6 || total
-------------------------+-------+-------++-------
Melee: Dagger            |   105 |    81 ||   186
       Bite              |     7 |     5 ||    12
Throw: Dart              |       |     1 ||     1
 Abil: Exsanguinate      |     1 |       ||     1
 Stab: Sleeping          |    11 |    12 ||    23
       Distracted        |     1 |       ||     1
Armor: Robe              |    27 |    19 ||    46
Dodge: Dodged            |    68 |    58 ||   126
